 Dungeon Crawl Stone Soup version 0.15.2 (webtiles) character file.

147 HiobMontag the Skirmisher (level 5, -2/47 HPs)
             Began as a Hill Orc Fighter on Dec 10, 2014.
             Was an Initiate of Beogh.
             Killed from afar by an orc wizard (5 damage)
             ... with a puff of flame
             ... on Level 3 of the Dungeon.
             The game lasted 00:10:33 (2155 turns).

HiobMontag the Skirmisher (Hill Orc Fighter)        Turns: 2155, Time: 00:10:33

HP  -2/47        AC  7     Str 19      XL: 5   Next: 29%
MP   5/5         EV  6     Int  9      God: Beogh [......]
Gold 150         SH 11     Dex 10      Spells:  0 memorised,  4 levels left

rFire  . . .     SeeInvis .     n - +0 spear
rCold  + . .     Clarity  .     b - +0 scale mail
rNeg   . . .     rCorr    .     c - +2 shield
rPois  +         rRot     .     (no helmet)
rElec  .         Spirit   .     (no cloak)
SustAb .         Warding  .     (no gloves)
rMut   .         Stasis   .     (no boots)
Gourm  .                        (no amulet)
MR     .....                    h - ring of protection from cold
                                g - ring of poison resistance

@: not resistant to hostile enchantments, extremely unstealthy
A: no striking features
a: Renounce Religion


You were on level 3 of the Dungeon.
You worshipped Beogh.
Beogh was noncommittal.
You were near starving.

You visited 1 branch of the dungeon, and saw 3 of its levels.

You collected 150 gold pieces.

Inventory:

Hand weapons
 a - a +0 trident
 i - a +1 hand axe of chopping
 n - a +0 spear (weapon)
 p - a +1 dagger of freezing
Armour
 b - a +0 scale mail (worn)
 c - a +2 shield (worn)
Magical devices
 l - a wand of slowing (13)
Comestibles
 d - 2 meat rations
 f - 4 bread rations
 m - a slice of pizza
 o - 3 fruits
Scrolls
 k - a scroll of identify
Jewellery
 g - a ring of poison resistance (left hand)
 h - a ring of protection from cold (right hand)
 j - an uncursed ring of positive energy {unknown}
Books
 e - a book of the Warp

   Spells                             Type                      Level
   Control Teleport                   Charms/Translocation         4
   Phase Shift                        Translocation                5
   Warp Weapon                        Charms/Translocation         5
   Dispersal                          Translocation                6
   Controlled Blink                   Translocation                7
   Disjunction                        Translocation                8


   Skills:
 + Level 4.6 Fighting
 + Level 3.1 Polearms
 + Level 3.7 Armour
 + Level 1.4 Dodging
 + Level 0.1 Stealth
 + Level 4.2 Shields


You had 4 spell levels left.
You didn't know any spells.

Dungeon Overview and Level Annotations

Branches:
Dungeon (3/15)

Altars:
Cheibriados
Zin

Shops:
D:2 *


Message History

You closely miss something. Something hits you but does no damage.
You miss something.
You hear some strange, mumbled words.
You block the puff of flame.
You closely miss something.
You hear some strange, mumbled words.
You block the puff of flame.
You closely miss something. Something hits you but does no damage.
You hit something but do no damage. You block its attack.
Something hits you but does no damage.
You closely miss something. Something hits you.
* * * LOW HITPOINT WARNING * * *
You closely miss something. Something hits you but does no damage.
You hit something.
You hear the rapid rusting of a drain, a long way away.
Something hits you but does no damage.
You hit something.
You hear some strange, mumbled words.
The puff of flame hits you!
You die...

##.#######.##.##.##.#
#...o.....##.......#
############.......#
#.##.##.# ##
#######o# .####
#≈≈≈##.# ..>.#
♣.≈##.# .##.# #.≈≈#.#
.# # #.@)oo# .# .#
####### .# .# .##.#
....###.# ........#
...#...... ..........
.#......#


You could see 2 orcs.

Vanquished Creatures
  An orc wizard (D:3)
  Ijyb (D:2)
  2 adders
  3 gnolls (D:3)
  2 worms
  2 orcs
  A ball python (D:2)
  2 giant cockroaches (D:2)
  4 hobgoblins (D:2)
  4 jackals (D:2)
  2 quokkas
  4 bats
  A giant gecko (D:1)
  7 giant newts
  6 goblins (D:2)
  5 kobolds
  7 rats
54 creatures vanquished.

Notes
Turn   | Place    | Note
--------------------------------------------------------------
     0 | D:1      | HiobMontag, the Hill Orc Fighter, began the quest for the Orb.
     0 | D:1      | Reached XP level 1. HP: 19/19 MP: 1/1
   555 | D:2      | Reached XP level 2. HP: 25/27 MP: 2/2
   560 | D:2      | Reached skill level 4 in Fighting
   748 | D:2      | Reached XP level 3. HP: 29/33 MP: 3/3
   885 | D:2      | Noticed Ijyb
   895 | D:2      | Killed Ijyb
   895 | D:2      | Reached skill level 1 in Dodging
  1123 | D:2      | Reached XP level 4. HP: 31/40 MP: 4/4
  1280 | D:2      | Found Zin's Purification Station.
  1282 | D:2      | Found a glowing silver altar of Zin.
  1397 | D:2      | Found a snail-covered altar of Cheibriados.
  1568 | D:3      | HP: 2/41 [gnoll/spear (2)]
  1760 | D:3      | Became a worshipper of Beogh the Brigand
  1791 | D:3      | Reached XP level 5. HP: 21/47 MP: 5/5
  2152 | D:3      | HP: 2/47 [something (2)]
  2155 | D:3      | Killed from afar by an orc wizard

Action                   |  1- 3 |  4- 6 || total
-------------------------+-------+-------++-------
Melee: Trident           |   134 |    28 ||   162
       Spear             |       |   215 ||   215
Invok: Convert to Beogh  |       |     1 ||     1
Evoke: Wand              |       |     1 ||     1
  Use: Scroll            |     1 |     7 ||     8
       Potion            |       |     4 ||     4
  Eat: Chunk             |     1 |     2 ||     3
